 Dungeon Crawl Stone Soup version 0.21-a0-380-gd65dc97 (webtiles) character file.

723209 faustus the Slayer (level 27, -7/237 HPs)
             Began as a Demonspawn Fighter on Oct 16, 2017.
             Was the Champion of Trog.
             Killed from afar by a Hell Sentinel (16 damage)
             ... with an iron shot
             ... while paralysed
             ... on level 10 of the Dungeon on Oct 17, 2017.
             The game lasted 06:32:05 (81290 turns).

faustus the Slayer (Demonspawn Fighter)            Turns: 81290, Time: 06:32:06

Health: -7/237     AC: 41    Str: 26    XL:     27
Magic:  14/14      EV:  2    Int: 17    God:    Trog [******]
Gold:   7329       SH:  0    Dex: 18    Spells: 26/26 levels left

rFire    + + +     SeeInvis +   a - +9 broad axe (elec)
rCold    + . .     Gourm    .   p - +4 shield
rNeg     + . .     Faith    .   h - +2 shadow dragon scales
rPois    +         Spirit   .   F - +2 hat {MR+}
rElec    .         Reflect  .   X - +2 cloak {rC+}
rCorr    .         Harm     .   z - +2 pair of gloves
MR       +++++     Rnd*Tele +   (boots unavailable)
Stlth    +++.......             N - macabre finger necklace {rN+}
HPRegen  0.49/turn              W - ring "Xodgh" {rPois rF++ MP-9 Int+4 Stlth+}
MPRegen  0.14/turn              K - ring of the Mage {Wiz MR++ Int+3}
                                O - ring of see invisible

@: paralysed, sanguine armour, fainting
A: hooves 3, fire resistance 1, hurl damnation, mutation resistance 1,
nightstalker 3, sense surroundings 1, powered by death 3, strong 1, teleportitis
1, flame cloud immunity, sanguine armour 3
0: Orb of Zot
}: 4/15 runes: barnacled, silver, abyssal, gossamer
a: Hurl Damnation, Berserk, Trog's Hand, Brothers in Arms, Burn Spellbooks,
Renounce Religion


You were on level 10 of the Dungeon.
You worshipped Trog.
Trog was exalted by your worship.
You were fainting.

You visited 11 branches of the dungeon, and saw 53 of its levels.
You visited the Abyss 2 times.
You also visited: Trove, Ossuary, Ice Cave and Wizlab.

You collected 9341 gold pieces.
You spent 2012 gold pieces at shops.

Inventory:

Hand Weapons
 a - a +9 broad axe of electrocution (weapon)
 b - the +6 hand crossbow "Killer Klown's Peril" {elec, rPois MR+ Str+2 Dex+2 Stlth-}
   (You found it on level 4 of the Spider Nest)

   It charges the ammunition it shoots with electricity; occasionally upon a
   hit, such missiles may discharge and cause terrible harm.
   It affects your strength (+2).
   It affects your dexterity (+2).
   It protects you from poison.
   It affects your resistance to hostile enchantments.
   It makes you less stealthy.
 i - the +6 broad axe of Disembowelment {flame, rF+++ Str+3 Dex-4 Stlth+}
   (You found it in a treasure trove)

   It has been specially enchanted to burn those struck by it, causing extra
   injury to most foes and up to half again as much damage against particularly
   susceptible opponents.
   Big, fiery blades are also staple armaments of hydra-hunters.
   It affects your strength (+3).
   It affects your dexterity (-4).
   It renders you almost immune to fire.
   It makes you more stealthy.
 k - a +4 antimagic broad axe
 Q - the +12 demon blade "Embalmer" {freeze, rElec rC+ MR+ Str+2}
   (Trog gifted it to you on level 2 of the Crypt)

   It has been specially enchanted to freeze those struck by it, causing extra
   injury to most foes and up to half again as much damage against particularly
   susceptible opponents.
   It can also slow down cold-blooded creatures.
   It affects your strength (+2).
   It protects you from cold.
   It insulates you from electricity.
   It affects your resistance to hostile enchantments.
Missiles
 t - 1864 bolts
 J - 15 poisoned javelins (quivered)
Armour
 h - +2 shadow dragon scales (worn)
 p - a +4 shield (worn)
 z - a +2 pair of gloves (worn)
 F - a +2 hat of magic resistance (worn)
 U - the +7 crystal plate armour "Kuworghuts" {SInv}
   (You acquired it on level 1 of the Elven Halls)

   It lets you see invisible.
 X - a +2 cloak of cold resistance (worn)
Jewellery
 n - the ring "Ceimuserph" {*Tele rElec SInv}
   (You took it off a deep elf demonologist on level 3 of the Elven Halls)

   [ring of teleportation]

   It may teleport you next to monsters.
   It insulates you from electricity.
   It lets you see invisible.
 q - an uncursed ring of protection from fire
 u - an uncursed ring of flight
 E - an uncursed ring of protection from cold
 G - an uncursed ring of resist corrosion
 K - the ring of the Mage (right hand) {Wiz MR++ Int+3}
   (You took it off a deep elf elementalist on level 3 of the Elven Halls)

   [ring of wizardry]

   It improves your spell success rate.
   It affects your intelligence (+3).
   It affects your resistance to hostile enchantments.
 L - an uncursed ring of protection from magic
 N - the macabre finger necklace (around neck) {rN+}
   (You bought it in a shop on level 15 of the Dungeon)

   [amulet of nothing]

   It protects you from negative energy.
 O - a ring of see invisible (on amulet)
 W - the ring "Xodgh" (left hand) {rPois rF++ MP-9 Int+4 Stlth+}
   (You acquired it on level 3 of the Shoals)

   [ring of intelligence]

   It affects your intelligence (+4).
   It greatly protects you from fire.
   It protects you from poison.
   It affects your magic capacity (-9).
   It makes you more stealthy.
Wands
 c - a wand of digging (9/24)
 v - a wand of disintegration (15/24)
 H - a wand of iceblast (9/15)
 I - a wand of scattershot (4/9)
Scrolls
 g - 16 scrolls of identify
 l - 9 scrolls of teleportation
 y - 3 scrolls of blinking
 A - 10 scrolls of fog
 C - 13 scrolls of fear
 D - 5 scrolls of magic mapping
 R - 4 scrolls of summoning
 S - 5 scrolls of recharging
 V - 20 scrolls of remove curse
 Y - 2 scrolls of silence
Potions
 e - 5 potions of brilliance
 j - 3 potions of cancellation
 o - 3 potions of curing
 r - 7 potions of magic
 s - 8 potions of flight
 w - a potion of might
 B - 2 potions of resistance
Miscellaneous
 M - a lightning rod (4/4)
 P - a phial of floods
 Z - a phantom mirror


   Skills:
 + Level 23.9 Fighting
 * Level 14.3 Long Blades
 - Level 21.8 Axes
 + Level 13.1 Crossbows
 + Level 1.2 Throwing
 + Level 17.0 Armour
 + Level 13.5 Dodging
 + Level 9.0 Stealth
 + Level 22.6 Shields
 + Level 0.7 Evocations


You had 26 spell levels left.
You didn't know any spells.

Dungeon Overview and Level Annotations

Branches:
Dungeon (15/15)            Temple (0/1) D:7            Lair (6/6) D:8
 Shoals (4/4) Lair:4       Spider (4/4) Lair:4        Slime (1/5) Lair:5
    Orc (2/2) D:10            Elf (3/3) Orc:2        Vaults (5/5) D:13
  Crypt (3/3) Vaults:3       Tomb (0/3) Crypt:3      Depths (5/5) D:15
    Zot (5/5) Depths:5

Altars:
Cheibriados
Dithmenos
Fedhas
Gozag
Kikubaaqudgha
Nemelex Xobeh
Qazlal
Ru
Sif Muna
Trog
Uskayaw
Vehumet
Wu Jian
Xom
Yredelemnul
Zin
The Shining One
Beogh

Shops:
D:7 [(   D:15 =   Orc:2 ?:[*(?   Vaults:1 ((

Portals:
Hell: Depths:1 Depths:2 Depths:3 Depths:4 Depths:5
Abyss: Depths:4
Pandemonium: Depths:3
Ziggurat: Depths:2

Annotations:
Elf:2 5 runed doors


Innate Abilities, Weirdness & Mutations

You have hooves in place of feet.
Your flesh is heat resistant. (rF+)
You can hurl damnation.
You are completely attuned to the shadows.
You regenerate a lot of health from kills.
You are immune to clouds of flame.
When seriously injured, your bleeding wounds create very thick armour. (AC +12)
You are somewhat resistant to further mutation.
You passively map a small area around you.
Your muscles are strong. (Str +2)
You are occasionally teleported next to monsters.


Message History

The Hell Sentinel hits you!
* * * LOW HITPOINT WARNING * * *
The Hell Sentinel hits you but does no damage.
The cacodemon hits you but does no damage.
The cacodemon hits you.
* * * LOW HITPOINT WARNING * * *
The sixfirhy hits you but does no damage.
The sixfirhy hits you.
* * * LOW HITPOINT WARNING * * *
The sixfirhy shocks you!
* * * LOW HITPOINT WARNING * * *
The Hell Sentinel hits you!!
* * * LOW HITPOINT WARNING * * *
The Hell Sentinel hits you but does no damage.
The cacodemon barely misses you.
The cacodemon hits you but does no damage.
The sixfirhy hits you but does no damage. x4
The Hell Sentinel gestures at you. The iron shot hits you!
You die...

.....................#
...........###########
..[....>...# ##.######### #.....#
########## #####'#### #........#
#......####........# ####
####......'.##.1.2....# #####...
...+......#.##.3@.....####.......
####......#.##........##...###...
#......#.##.....)<.##.### #...
#......#..'........'..# ###.
#####'#####........#### ##...
##.# ##'####### ##..## ##..#
#...#### #..## #..## ###....##
###.#### ###'## ####..# #.......


You could see a Hell Sentinel, a cacodemon and a sixfirhy.

Vanquished Creatures
  12 ancient liches
  Mara (Shoals:4)
  5 orbs of fire (Zot:5)
  2 juggernauts
  The ghost of ShadedKnight the Invulnerable, a legendary GrFi of Makhleb (Zot:5)
  Saint Roka (Orc:2)
  Bai Suzhen (Depths:1)
  3 Killer Klowns
  3 caustic shrikes (Depths:2)
  2 curse toes (Zot:5)
  Nikola (Shoals:4)
  11 golden dragons
  3 bone dragons
  Jorgrun (Vaults:4)
  2 electric golems (Zot:5)
  10 liches
  22 tentacled monstrosities
  An Ice Fiend (IceCv)
  Rupert (Lair:3)
  25 Orb Guardians (Zot:5)
  5 titans
  6 quicksilver dragons
  2 deep elf blademasters (Elf:3)
  Polyphemus (Shoals:3)
  2 deep elf master archers (Elf:3)
  4 acid blobs (Slime:1)
  A kraken (Shoals:2)
  7 death cobs
  A tentacled starspawn (Abyss:3)
  Gastronok (Lair:1)
  Kirke (Spider:3)
  An ancient champion (Crypt:1)
  9 sphinxes
  An Executioner (Zot:1)
  17 storm dragons
  An azure jelly (Slime:1)
  11 shadow dragons
  Roxanne (D:14)
  15 tengu reavers
  4 draconian monks
  14 fire giants
  6 draconian knights
  An iron dragon (Vaults:5)
  7 deep elf sorcerers
  4 ghost moths
  14 frost giants
  7 draconian scorchers
  Aizul (Shoals:2)
  6 emperor scorpions (Spider:4)
  16 vault wardens
  6 deep elf elementalists
  12 ghouls
  6 draconian shifters
  3 caustic shrike skeletons
  4 draconian stormcallers
  13 ironheart preservers
  A reaper (Depths:3)
  7 very ugly things
  4 war gargoyles (Crypt:3)
  6 spriggan defenders
  8 vampire knights
  2 entropy weavers
  5 draconian annihilators
  11 green draconians
  28 stone giants
  7 deep elf annihilators
  Nessos (Lair:6)
  8 black draconians
  A spark wasp (Spider:3)
  8 yellow draconians
  11 deep elf demonologists
  10 red draconians
  6 white draconians
  Azrael (Orc:2)
  21 purple draconians
  2 merfolk javelineers (Shoals:4)
  9 statues (WizLab)
  6 crystal guardians
  6 deep elf high priests
  9 ettins
  A fire dragon (shapeshifter) (Vaults:5)
  10 fire dragons
  6 deep elf death magi
  14 yaktaur captains
  13 great orbs of eyes
  7 jiangshi (Crypt:1)
  4 eidola
  9 merfolk impalers
  33 vault guards
  Harold (Lair:2)
  Fannar (Lair:3)
  A great orb of eyes (shapeshifter) (Abyss:3)
  11 ice dragons
  3 hydras
  4 rakshasas
  A hell beast (Depths:1)
  4 spriggan air magi
  An alligator snapping turtle (Shoals:4)
  3 catoblepae
  9 centaur warriors
  An anaconda (shapeshifter) (Abyss:3)
  4 merfolk avatars
  4 death knights
  6 merfolk aquamancers
  7 tengu warriors
  23 dancing weapons
  2 satyrs
  51 two-headed ogres
  14 deep troll shamans
  22 death yaks
  A queen ant (shapeshifter) (Abyss:3)
  18 ogre magi
  11 deep troll earth magi
  2 orc high priests
  9 thrashing horrors (Abyss:3)
  2 sun demons
  10 vampire magi
  11 deep elf knights
  Sonja (Lair:2)
  10 spriggan berserkers
  Nergalle (Lair:3)
  2 soul eaters
  11 hell knights
  A wretched star (Abyss:3)
  A storm dragon zombie (Crypt:2)
  33 skeletal warriors
  A titan skeleton (Depths:4)
  6 iron trolls
  4 shadow wraiths
  An unseen horror (shapeshifter) (Vaults:5)
  2 golden dragon zombies
  3 anaconda zombies
  2 salamander mystics
  A storm dragon skeleton (Crypt:3)
  A swamp dragon (shapeshifter) (Vaults:5)
  A deep troll (shapeshifter) (Vaults:5)
  A glowing orange brain (shapeshifter) (Vaults:5)
  4 flayed ghosts
  32 deep trolls
  10 deep elf archers
  5 glowing orange brains
  18 unseen horrors
  A shadow dragon zombie (Crypt:3)
  10 sea snakes
  2 wizards
  An infernal demonspawn (Depths:3)
  21 necromancers
  14 phantasmal warriors
  18 ironbrand convokers
  A lindwurm (Lair:6)
  A swamp dragon (Abyss:3)
  Pikel (D:6)
  A golden dragon skeleton (Crypt:3)
  A mana viper (shapeshifter) (Vaults:5)
  An obsidian statue (Zot:1)
  4 oklob plants (Lair:5)
  A wolf spider zombie (D:15)
  14 orc knights
  15 harpies
  A tengu skeleton (Vaults:4)
  A harpy (shapeshifter) (Vaults:1)
  4 orc sorcerers
  60 deep elf magi
  A wolf spider (shapeshifter) (Vaults:5)
  20 orb spiders
  56 ugly things
  A frost giant zombie (Depths:1)
  2 mana vipers (Abyss:3)
  A cyclops (shapeshifter) (Abyss:3)
  30 wolf spiders
  7 manticores
  A salamander (shapeshifter) (Depths:4)
  15 fauns
  5 cyclopes
  3 human zombies
  2 shining eyes (Slime:1)
  2 worldbinders (Abyss:3)
  8 merfolk sirens
  6 salamanders
  2 black mambas (shapeshifter)
  8 elephants
  An ice statue (IceCv)
  22 moths of wrath
  2 stone giant skeletons
  A molten gargoyle (D:14)
  12 vault sentinels
  3 rust devils
  5 water nymphs
  Psyche (D:10)
  A frost giant skeleton (Vaults:3)
  An apocalypse crab (Abyss:3)
  Joseph (D:10)
  A guardian serpent (shapeshifter) (Depths:1)
  4 black mambas
  4 smoke demons (Abyss:3)
  A gargoyle (D:13)
  11 small abominations
  A rime drake (Lair:5)
  A purple draconian zombie (Crypt:1)
  A tormentor (Abyss:3)
  8 demonic crawlers
  8 anaconda simulacra (IceCv)
  13 spiny frogs
  14 freezing wraiths
  A hellwing (Depths:3)
  30 yaktaurs
  8 komodo dragons
  3 ancient zymes (Abyss:3)
  6 ice devils (IceCv)
  2 tengu conjurers
  19 trolls
  2 polar bears
  2 golden dragon simulacra (IceCv)
  A polar bear (shapeshifter) (Depths:4)
  4 yaktaur skeletons (Vaults:3)
  2 red devils
  A shadow dragon simulacrum (Depths:1)
  27 jumping spiders
  28 merfolk
  4 wind drakes
  A tengu simulacrum (Depths:1)
  4 raiju (Abyss:3)
  10 hornets
  40 slime creatures
  9 hippogriffs
  2 hydra skeletons (Crypt:1)
  An ettin zombie (Vaults:4)
  2 stone giant simulacra
  14 dream sheep
  A dream sheep (shapeshifter) (Abyss:3)
  A blink frog (shapeshifter) (Depths:3)
  2 fire dragon zombies (Crypt:3)
  A frost giant simulacrum (Depths:1)
  7 blink frogs
  2 bog bodies (Crypt:2)
  15 snapping turtles
  2 fire dragon skeletons (Crypt:3)
  35 tarantellas
  65 redbacks
  7 spriggans
  38 flying skulls
  A vampire (D:12)
  A ynoxinul (Abyss:3)
  3 wyverns
  3 air elementals
  2 dire elephant simulacra (IceCv)
  An ice dragon skeleton (Crypt:2)
  2 starcursed masses (Abyss:3)
  A tarantella (shapeshifter) (Vaults:5)
  2 ettin skeletons (Vaults:3)
  4 shadows
  6 hogs (Spider:3)
  A yak (shapeshifter) (Vaults:5)
  3 wraiths
  2 humans (D:13)
  39 yaks
  4 fire elementals
  A hog (shapeshifter) (D:14)
  3 vampire mosquitoes (D:14)
  3 basilisks
  A steam dragon (D:12)
  16 water elementals
  2 hungry ghosts
  Menkaure (D:6)
  4 harpy simulacra (IceCv)
  3 iron troll simulacra (IceCv)
  6 chaos spawn
  A swamp worm (shapeshifter) (Vaults:5)
  5 wargs
  A naga (shapeshifter) (Vaults:5)
  An acid dragon (D:11)
  8 large abominations
  A monstrous demonspawn zombie (Crypt:1)
  A warg (shapeshifter) (Depths:4)
  A deep troll skeleton (Vaults:3)
  13 water moccasins
  3 hell hounds
  2 floating eyes
  8 porcupines
  3 ice beasts
  4 phantoms
  3 black bears
  2 eyes of draining (Slime:1)
  A dream sheep zombie (Crypt:2)
  A sky beast (D:8)
  2 slaves (D:6)
  A snapping turtle zombie (Crypt:3)
  An ice dragon simulacrum (Crypt:1)
  63 orc warriors
  A spiny frog skeleton (Crypt:3)
  An elephant zombie (Crypt:2)
  5 necrophages
  A hornet zombie (D:14)
  2 boggarts (Depths:3)
  35 ogres
  4 wolves (Lair:6)
  3 human skeletons
  A snapping turtle skeleton (Crypt:1)
  18 centaurs
  2 elf skeletons
  8 crocodiles
  Blork the orc (D:5)
  A bullfrog (shapeshifter) (Depths:3)
  A big kobold (D:11)
  9 bullfrogs
  A gnoll sergeant (D:11)
  6 scorpions
  8 killer bees
  3 howler monkeys
  4 wights (Crypt:1)
  5 electric eels
  4 crimson imps
  A quasit (Abyss:3)
  A lava snake (D:14)
  8 hounds
  2 jellies
  5 centaur zombies
  30 orc priests
  A bullfrog skeleton (Crypt:1)
  A bullfrog zombie (D:12)
  4 draconian simulacra (IceCv)
  6 centaur skeletons
  30 orc wizards
  5 iguanas
  An iron imp (Depths:1)
  13 worker ants
  A polar bear simulacrum (IceCv)
  4 troll simulacra (IceCv)
  3 spriggan simulacra
  2 big kobold zombies (Ossuary)
  2 centaur simulacra (IceCv)
  A human simulacrum (Crypt:1)
  2 hound skeletons
  A worker ant zombie (D:11)
  4 mummies (Ossuary)
  11 gnolls
  2 naga simulacra (IceCv)
  A steam dragon zombie (Crypt:1)
  10 adders
  A howler monkey skeleton (D:9)
  6 shadow imps
  8 white imps
  5 ufetubi (IceCv)
  An adder zombie (D:9)
  8 worms
  3 dart slugs
  5 leopard geckos
  104 orcs
  4 bats
  10 giant cockroaches
  2 gnoll zombies (Ossuary)
  8 goblins
  8 hobgoblins
  11 jackals
  6 quokkas
  A ball python (D:1)
  A dart slug zombie (Crypt:2)
  5 frilled lizards
  A goblin zombie (Ossuary)
  3 jackal skeletons
  12 kobolds
  2 kobold zombies
  A leopard gecko skeleton (D:5)
  A leopard gecko zombie (D:7)
  An orc skeleton (Crypt:1)
  An orc zombie (Ossuary)
  A quokka zombie (D:3)
  6 rats
  A rat skeleton (Crypt:1)
  A river rat skeleton (Crypt:2)
  3 crawling corpses
  2 fungi
  7 plants
  A starspawn tentacle (Abyss:3)
  4 tentacles (Shoals:2)
2604 creatures vanquished.

Vanquished Creatures (collateral kills)
  A curse toe (Zot:1)
  A golden dragon (Zot:1)
  A death cob (Zot:5)
  A storm dragon (Zot:5)
  Ilsuiw (Shoals:4)
  A deep elf elementalist (Elf:3)
  Louise (Elf:1)
  A draconian stormcaller (Zot:3)
  An ironheart preserver (Vaults:5)
  A war gargoyle (Vaults:5)
  A dire elephant (shapeshifter) (Vaults:5)
  A purple draconian (Zot:3)
  A deep elf death mage (Elf:3)
  A merfolk impaler (Shoals:4)
  A two-headed ogre (Vaults:5)
  A dancing weapon (Crypt:3)
  A deep troll (Vaults:5)
  A deep elf archer (Elf:3)
  A snapping turtle (Shoals:4)
  A water elemental (Elf:3)
  An ogre (Vaults:5)
  An earth elemental (Elf:3)
22 creatures vanquished.

Vanquished Creatures (others)
  A merfolk javelineer (Shoals:4)
  A thrashing horror (Abyss:3)
  A deep troll (Depths:5)
  A cyclops (D:15)
  A manticore (Shoals:4)
  3 moths of wrath (Zot:5)
  A yaktaur zombie (Depths:1)
  A merfolk (Shoals:4)
  A jumping spider (Spider:1)
  A fire elemental (Elf:3)
  A human (Spider:3)
  A slave (D:6)
  A boggart (Depths:3)
  A centaur (D:15)
  15 fungi
  2 lurking horrors (Abyss:3)
  22 plants
  12 starspawn tentacles (Abyss:3)
  4 tentacles (Shoals:2)
71 creatures vanquished.

Grand Total: 2697 creatures vanquished

Notes
Turn   | Place    | Note
-------+----------+-------------------------------------------
     0 | D:1      | faustus the Demonspawn Fighter began the quest for the Orb.
     0 | D:1      | Reached XP level 1. HP: 18/18 MP: 1/1
   179 | D:1      | Gained mutation: You regenerate a little health from kills. [demonic ancestry]
   179 | D:1      | Reached XP level 2. HP: 19/24 MP: 2/2
  1231 | D:2      | Found a radiant altar of Vehumet.
  1277 | D:2      | Reached XP level 3. HP: 21/29 MP: 3/3
  1590 | D:2      | Found an opulent altar of Gozag.
  1686 | D:2      | Found an ornate altar of the Wu Jian Council.
  2081 | D:2      | Reached XP level 4. HP: 27/35 MP: 4/4
  2577 | D:3      | Found a bloodstained altar of Trog.
  2582 | D:3      | Found a transporter.
  2586 | D:3      | Became a worshipper of Trog the Wrathful
  2592 | D:3      | Found a transporter.
  2615 | D:3      | Found a hide-covered altar of Uskayaw.
  2616 | D:3      | Found a shimmering altar of Xom.
  2629 | D:3      | Found a deep blue altar of Sif Muna.
  2694 | D:3      | Reached XP level 5. HP: 36/42 MP: 5/5
  3317 | D:4      | Found a sand-covered staircase.
  3377 | D:4      | Got an ancient ring mail
  3388 | D:4      | Identified the +3 ring mail of Tomorrow {rPois} (You found it on level 4 of the Dungeon)
  3409 | Ossuary  | Entered an ossuary
  3608 | Ossuary  | Gained mutation: You have large cloven feet. [demonic ancestry]
  3608 | Ossuary  | Reached XP level 6. HP: 47/48 MP: 6/6
  3656 | Ossuary  | Reached * piety under Trog
  3983 | D:4      | Found a stormy altar of Qazlal.
  4168 | D:5      | Entered Level 5 of the Dungeon
  4170 | D:5      | Found a hide-covered altar of Uskayaw.
  4178 | D:5      | Reached skill level 4 in Fighting
  4178 | D:5      | Reached XP level 7. HP: 48/54 MP: 7/7
  4248 | D:5      | Reached skill level 5 in Axes
  4248 | D:5      | Reached skill level 1 in Dodging
  4350 | D:5      | Found a blossoming altar of Fedhas.
  4352 | D:5      | Found an ancient bone altar of Kikubaaqudgha.
  4488 | D:5      | Reached ** piety under Trog
  4525 | D:5      | Noticed Blork the orc
  4529 | D:5      | Killed Blork the orc
  4864 | D:6      | Noticed Menkaure
  4872 | D:6      | Killed Menkaure
  4964 | D:6      | Noticed Pikel
  4978 | D:6      | Killed Pikel
  4978 | D:6      | Gained mutation: When seriously injured, your bleeding wounds create armour. (AC +12) [demonic ancestry]
  4978 | D:6      | Reached XP level 8. HP: 60/61 MP: 8/8
  5082 | D:6      | Found a glowing silver altar of Zin.
  5529 | D:6      | Reached skill level 5 in Shields
  5730 | D:7      | Reached skill level 1 in Stealth
  5736 | D:7      | Reached skill level 5 in Armour
  5738 | D:7      | Found a snail-covered altar of Cheibriados.
  5749 | D:7      | Reached skill level 5 in Fighting
  5997 | D:7      | Gained mutation: You are slightly more attuned to the shadows. [demonic ancestry]
  5997 | D:7      | Reached XP level 9. HP: 67/68 MP: 9/9
  6070 | D:7      | Found Dokiffuq's Antique Weapon Emporium.
  6365 | D:7      | Reached *** piety under Trog
  6369 | D:7      | Reached skill level 1 in Long Blades
  6659 | D:7      | Found Esorphuf's Antique Armour Shoppe.
  6677 | D:7      | Found a shadowy altar of Dithmenos.
  7158 | D:7      | Found a staircase to the Ecumenical Temple.
  7756 | D:7      | Bought a hand crossbow for 77 gold pieces
  7894 | D:8      | Reached skill level 1 in Crossbows
  8097 | D:8      | Noticed a two-headed ogre
  8108 | D:8      | Killed a two-headed ogre
  8108 | D:8      | Gained mutation: You have hoof-like feet. [demonic ancestry]
  8108 | D:8      | Reached XP level 10. HP: 76/76 MP: 10/10
  8109 | D:8      | Found a sacrificial altar of Ru.
  8160 | D:8      | Found a staircase to the Lair.
  8251 | D:8      | Reached skill level 6 in Fighting
  8406 | D:9      | Noticed a two-headed ogre
  8416 | D:9      | Killed a two-headed ogre
  8551 | D:9      | Noticed a two-headed ogre
  8564 | D:9      | Killed a two-headed ogre
  8925 | D:9      | Reached **** piety under Trog
  9244 | D:10     | Entered Level 10 of the Dungeon
  9265 | Lair:1   | Entered Level 1 of the Lair of Beasts
  9365 | Lair:1   | Noticed a seven-headed hydra
  9372 | Lair:1   | Killed a seven-headed hydra
  9372 | Lair:1   | Reached skill level 5 in Crossbows
  9382 | Lair:1   | Gained mutation: When seriously injured, your bleeding wounds create thick armour. (AC +12) [demonic ancestry]
  9382 | Lair:1   | Reached XP level 11. HP: 48/83 MP: 11/11
 10139 | Lair:1   | Noticed Gastronok
 10154 | Lair:1   | Killed Gastronok
 10154 | Lair:1   | Reached skill level 7 in Fighting
 10947 | Lair:2   | Noticed Sonja
 11121 | Lair:2   | Noticed Harold
 11142 | Lair:2   | Killed Harold
 11142 | Lair:2   | Reached skill level 10 in Axes
 11433 | Lair:2   | Killed Sonja
 12380 | Lair:3   | Noticed Fannar
 12401 | Lair:3   | Got an iridescent hand axe
 12402 | Lair:3   | Identified the cursed +0 hand axe of Uskayaw's Outrage {drain, *Slow rElec MR+ Int+3} (You found it on level 3 of the Lair of Beasts)
 12430 | Lair:3   | Killed Fannar
 12550 | Lair:3   | Noticed Nergalle
 12566 | Lair:3   | Killed Nergalle
 12566 | Lair:3   | Reached XP level 12. HP: 92/92 MP: 12/12
 12646 | Lair:3   | Noticed Rupert
 12668 | Lair:3   | Killed Rupert
 12668 | Lair:3   | Reached skill level 8 in Fighting
 13338 | Lair:4   | Found a staircase to the Shoals.
 13690 | Lair:4   | Noticed a death yak
 13699 | Lair:4   | Noticed a death yak
 13702 | Lair:4   | Noticed a death yak
 13704 | Lair:4   | Killed a death yak
 13713 | Lair:4   | Reached skill level 5 in Dodging
 13715 | Lair:4   | Killed a death yak
 13725 | Lair:4   | Killed a death yak
 14066 | Lair:4   | Found a hole to the Spider Nest.
 14305 | Lair:4   | Reached skill level 9 in Fighting
 15408 | Lair:5   | Reached XP level 13. HP: 101/101 MP: 13/13
 15427 | Lair:5   | Received a gift from Trog
 16378 | Lair:6   | Entered Level 6 of the Lair of Beasts
 16388 | Lair:6   | Reached skill level 1 in Throwing
 16845 | Lair:6   | Received a gift from Trog
 17035 | Lair:6   | Reached skill level 10 in Fighting
 17037 | Lair:6   | Reached ***** piety under Trog
 17549 | Lair:6   | Noticed Nessos
 17555 | Lair:6   | Killed Nessos
 18017 | Lair:6   | Received a gift from Trog
 18025 | Lair:6   | Gained mutation: You regenerate health from kills. [demonic ancestry]
 18025 | Lair:6   | Reached XP level 14. HP: 111/111 MP: 14/14
 19415 | D:10     | Noticed Joseph
 19423 | D:10     | Killed Joseph
 19727 | D:10     | Noticed Psyche
 19733 | D:10     | Killed Psyche
 19839 | D:10     | Found a staircase to the Orcish Mines.
 20071 | D:11     | Received a gift from Trog
 21479 | Lair:5   | Found a staircase to the Slime Pits.
 22246 | D:11     | Found a sparkling altar of Nemelex Xobeh.
 22700 | D:12     | Reached skill level 11 in Fighting
 23432 | D:13     | Received a gift from Trog
 23523 | D:13     | Reached skill level 10 in Shields
 23561 | D:13     | Found a gate to the Vaults.
 24331 | Orc:1    | Entered Level 1 of the Orcish Mines
 24386 | Orc:1    | Reached ****** piety under Trog
 24547 | Orc:2    | Entered Level 2 of the Orcish Mines
 24654 | Orc:2    | Found a roughly hewn altar of Beogh.
 24656 | Orc:2    | Found Miko's Magic Scroll Shop.
 24689 | Orc:2    | Bought a scroll of enchant weapon for 135 gold pieces
 24689 | Orc:2    | Bought 2 scrolls of enchant armour for 270 gold pieces
 24751 | Orc:2    | Found a roughly hewn altar of Beogh.
 24758 | Orc:2    | Received a gift from Trog
 24822 | Orc:2    | Noticed Saint Roka
 24861 | Orc:2    | Killed Saint Roka
 24861 | Orc:2    | Reached skill level 15 in Axes
 24861 | Orc:2    | Gained mutation: When seriously injured, your bleeding wounds create very thick armour. (AC +12) [demonic ancestry]
 24861 | Orc:2    | Reached XP level 15. HP: 119/119 MP: 5/15
 24867 | Orc:2    | Found Giyrid's Antique Weapon Shop.
 24868 | Orc:2    | Found a roughly hewn altar of Beogh.
 24870 | Orc:2    | Found Visiha's Antique Armour Boutique.
 25077 | Orc:2    | Noticed Azrael
 25094 | Orc:2    | Killed Azrael
 25138 | Orc:2    | Found Cauxt's Commerce Corner.
 25224 | Orc:2    | Found Quinwuj's Book Shop.
 25239 | Orc:2    | Found a staircase to the Elven Halls.
 25293 | Orc:2    | Found a roughly hewn altar of Beogh.
 25338 | Orc:2    | Found a roughly hewn altar of Beogh.
 25339 | Orc:2    | Found Navex's Magic Scroll Shop.
 25365 | Orc:2    | Bought a scroll of brand weapon for 280 gold pieces
 25365 | Orc:2    | Bought a scroll of brand weapon for 280 gold pieces
 25565 | Orc:1    | Received a gift from Trog
 26268 | D:14     | Noticed Roxanne
 26318 | D:14     | Killed Roxanne
 26322 | D:14     | Received a gift from Trog
 26397 | D:14     | Found a portal to a secret trove of treasure.
 26574 | Orc:2    | Bought a potion of curing for 51 gold pieces
 26883 | D:14     | Reached skill level 12 in Fighting
 27125 | D:15     | Entered Level 15 of the Dungeon
 27317 | D:15     | Found Boumepn's Jewellery Shop.
 27324 | D:15     | Bought a +3 amulet of reflection for 235 gold pieces
 27483 | D:15     | Found a staircase to the Depths.
 27483 | D:15     | Noticed a fire giant
 27497 | D:15     | Killed a fire giant
 27740 | D:15     | Gained mutation: You are significantly more attuned to the shadows. [demonic ancestry]
 27740 | D:15     | Reached XP level 16. HP: 127/127 MP: 16/16
 27975 | Shoals:1 | Entered Level 1 of the Shoals
 28126 | Shoals:1 | Received a gift from Trog
 29721 | Shoals:2 | Found a frozen archway.
 29723 | Shoals:2 | Noticed Aizul
 29742 | Shoals:2 | Killed Aizul
 30099 | IceCv    | Entered an ice cave
 30390 | IceCv    | Received a gift from Trog
 30933 | IceCv    | Noticed an Ice Fiend
 30957 | IceCv    | Killed an Ice Fiend
 31477 | Shoals:2 | Reached skill level 10 in Armour
 31591 | Shoals:2 | Received a gift from Trog
 31955 | Shoals:2 | Reached skill level 13 in Fighting
 31970 | Shoals:2 | Noticed a kraken
 31981 | Shoals:2 | Killed a kraken
 32191 | Shoals:2 | You fall through a shaft!
 32498 | Shoals:3 | Noticed Polyphemus
 32512 | Shoals:3 | Reached skill level 5 in Long Blades
 32524 | Shoals:3 | Killed Polyphemus
 32814 | Shoals:3 | Identified a scroll of acquirement
 32815 | Shoals:3 | Got a bound granite ring
 32817 | Shoals:3 | Identified the ring "Xodgh" {rPois rF++ MP-9 Int+4 Stlth+} (You acquired it on level 3 of the Shoals)
 33131 | Orc:2    | Bought a scroll of remove curse for 42 gold pieces
 33131 | Orc:2    | Bought a scroll of remove curse for 42 gold pieces
 33462 | Shoals:3 | Reached XP level 17. HP: 98/137 MP: 8/17
 33629 | Shoals:4 | Entered Level 4 of the Shoals
 33629 | Shoals:4 | Noticed Nikola
 33637 | Shoals:4 | Noticed Mara
 33651 | Shoals:4 | Noticed faustus's illusion
 33659 | Shoals:4 | Killed Nikola
 33688 | Shoals:4 | Received a gift from Trog
 33704 | Shoals:4 | Killed Mara
 34615 | Shoals:4 | Reached skill level 14 in Fighting
 34959 | Shoals:4 | Found the +8 demon blade "Bloodbane" {slice, *Rage +Rage Stlth-}
 35154 | Shoals:4 | Received a gift from Trog
 35224 | Shoals:4 | Got a barnacled rune of Zot
 35256 | Shoals:4 | Noticed Ilsuiw
 35305 | Shoals:4 | Killed Ilsuiw
 35814 | Spider:1 | Entered Level 1 of the Spider Nest
 36707 | Spider:1 | Received a gift from Trog
 38086 | Spider:2 | Reached XP level 18. HP: 146/146 MP: 9/18
 38777 | Spider:3 | Noticed Kirke
 38795 | Spider:3 | Killed Kirke
 38880 | Spider:3 | Received a gift from Trog
 39756 | Spider:4 | Entered Level 4 of the Spider Nest
 39899 | Spider:4 | Got a smoking hand crossbow
 39900 | Spider:4 | Identified the +6 hand crossbow "Killer Klown's Peril" {elec, rPois MR+ Str+2 Dex+2 Stlth-} (You found it on level 4 of the Spider Nest)
 39933 | Spider:4 | Received a gift from Trog
 40559 | Spider:4 | Reached skill level 10 in Crossbows
 41003 | Spider:4 | Got a gossamer rune of Zot
 41642 | Elf:1    | Entered Level 1 of the Elven Halls
 41698 | Elf:1    | Noticed Louise
 41719 | Elf:1    | Cast into level 3 of the Abyss (Louise)
 41925 | Elf:1    | Escaped the Abyss
 41934 | Elf:1    | Killed Louise
 42148 | Elf:1    | Received a gift from Trog
 42643 | Elf:1    | Got a faintly humming crystal plate armour
 42654 | Elf:1    | Identified the +7 crystal plate armour "Kuworghuts" {SInv} (You acquired it on level 1 of the Elven Halls)
 42705 | Elf:1    | Received a gift from Trog
 42705 | Elf:1    | Reached skill level 15 in Fighting
 44048 | Elf:2    | Found a huge runed gate.
 44048 | Elf:2    | Found a huge runed gate.
 44048 | Elf:2    | Found a huge runed gate.
 44048 | Elf:2    | Found a huge runed gate.
 44048 | Elf:2    | Found a huge runed gate.
 44150 | Elf:2    | Reached skill level 15 in Shields
 44414 | Elf:3    | Entered Level 3 of the Elven Halls
 44467 | Elf:3    | Gained mutation: You have hooves in place of feet. [demonic ancestry]
 44467 | Elf:3    | Reached XP level 19. HP: 129/155 MP: 10/19
 44514 | Elf:3    | Noticed a Tzitzimitl
 44543 | Elf:3    | HP: 7/155 [soul eater/drain life[a deep elf demonologist] (11)]
 44543 | Elf:3    | HP: 2/155 [orange demon[a deep elf demonologist] (5)]
 44998 | Elf:3    | Received a gift from Trog
 45433 | Elf:3    | Cast into level 3 of the Abyss (a deep elf demonologist)
 45576 | Abyss:3  | Found a corrupted altar of Lugonu.
 45748 | Abyss:3  | Found a corrupted altar of Lugonu.
 45762 | Abyss:3  | Noticed a bone dragon
 45770 | Abyss:3  | Found a corrupted altar of Lugonu.
 45791 | Abyss:3  | Found a corrupted altar of Lugonu.
 45938 | Abyss:3  | Received a gift from Trog
 45976 | Abyss:3  | Found a corrupted altar of Lugonu.
 46272 | Abyss:3  | Paralysed by a great orb of eyes for 5 turns
 46336 | Abyss:3  | Got an abyssal rune of Zot
 46383 | Elf:3    | Escaped the Abyss
 46391 | Elf:3    | Received a gift from Trog
 46438 | Elf:3    | Got a steaming amber ring
 46440 | Elf:3    | Identified the ring "Ceimuserph" {*Tele rElec SInv} (You took it off a deep elf demonologist on level 3 of the Elven Halls)
 46720 | Elf:3    | Reached skill level 16 in Fighting
 46779 | Elf:3    | Identified the amulet "Ifall" {Faith MP+9} (You took it off a deep elf mage on level 3 of the Elven Halls)
 47240 | Elf:3    | Reached skill level 10 in Long Blades
 47328 | Elf:3    | Got an ichor-stained scale mail
 47339 | Elf:3    | Identified the +6 scale mail "Xian" {rElec} (You took it off a deep elf high priest on level 3 of the Elven Halls)
 47596 | Vaults:1 | Entered Level 1 of the Vaults
 47596 | Vaults:1 | Found Etag's Antique Weapon Shoppe.
 48039 | Vaults:1 | Gained mutation: Your flesh is heat resistant. (rF+) [demonic ancestry]
 48039 | Vaults:1 | Reached XP level 20. HP: 159/164 MP: 11/20
 48062 | Vaults:1 | Received a gift from Trog
 48393 | Vaults:1 | Found Ytikaitz's Weapon Shop.
 48592 | Vaults:1 | Identified Maene's Papyrus of Poisonous Air
 49744 | Vaults:2 | Received a gift from Trog
 49814 | Vaults:2 | Received a gift from Trog
 50798 | Vaults:3 | Received a gift from Trog
 51355 | Vaults:3 | Received a gift from Trog
 51686 | Vaults:3 | Found a staircase to the Crypt.
 51801 | Vaults:3 | Reached skill level 17 in Fighting
 52052 | Vaults:3 | Reached XP level 21. HP: 67/174 MP: 12/21
 52477 | Vaults:3 | Received a gift from Trog
 52661 | Vaults:3 | Received a gift from Trog
 53034 | Vaults:4 | Noticed Jorgrun
 53043 | Vaults:4 | Killed Jorgrun
 53433 | Vaults:4 | Received a gift from Trog
 53764 | D:14     | You paid a toll of 19 potions of curing to enter a treasure trove
 53765 | Trove    | Entered a treasure trove
 53799 | Trove    | Got an ancient broad axe
 53800 | Trove    | Identified the +6 broad axe of Disembowelment {flame, rF+++ Str+3 Dex-4 Stlth+} (You found it in a treasure trove)
 53841 | Trove    | Got a slimy trident
 53842 | Trove    | Identified the +1 trident "Demonspawn's Foe" {venom, +Fly rF+} (You found it in a treasure trove)
 54188 | Vaults:4 | Received a gift from Trog
 54235 | Vaults:4 | Received a gift from Trog
 55086 | Depths:1 | Entered Level 1 of the Depths
 55353 | Depths:1 | Noticed Bai Suzhen
 55370 | Depths:1 | Received a gift from Trog
 55380 | Depths:1 | Killed Bai Suzhen
 55380 | Depths:1 | Reached skill level 18 in Fighting
 55380 | Depths:1 | Gained mutation: You are immune to clouds of flame. [demonic ancestry]
 55380 | Depths:1 | Reached XP level 22. HP: 184/184 MP: 13/22
 55412 | Depths:1 | Got an uncursed brightly glowing war axe {chop}
 55424 | Depths:1 | Identified the +6 war axe "Hiophyoj" {chop, *Corrode rC+ Dex+4} (You took it off a centaur warrior on level 1 of the Depths)
 55533 | Depths:1 | Found a glowing golden altar of the Shining One.
 55587 | Depths:1 | Found a gateway to Hell.
 56042 | Depths:2 | Found a hide-covered altar of Uskayaw.
 56042 | Depths:2 | Noticed a caustic shrike
 56042 | Depths:2 | Noticed a caustic shrike
 56058 | Depths:2 | Killed a caustic shrike
 56059 | Depths:2 | Killed a caustic shrike
 56411 | Depths:2 | Noticed a caustic shrike
 56417 | Depths:2 | Killed a caustic shrike
 56615 | Depths:2 | Received a gift from Trog
 56625 | Depths:2 | Found a gateway to a ziggurat.
 57902 | Depths:3 | Received a gift from Trog
 57936 | Depths:3 | Paralysed by a floating eye for 4 turns
 58311 | Depths:3 | Gained mutation: You regenerate a lot of health from kills. [demonic ancestry]
 58311 | Depths:3 | Reached XP level 23. HP: 134/192 MP: 14/23
 58972 | Depths:3 | Received a gift from Trog
 59079 | Depths:3 | Found a one-way gate leading to the halls of Pandemonium.
 59089 | Depths:3 | Reached skill level 19 in Fighting
 59551 | Depths:3 | Gained mutation: Your spells are a little easier to cast, but a little less powerful. [potion of mutation]
 59551 | Depths:3 | Gained mutation: Your body sometimes deteriorates upon taking damage. [potion of mutation]
 59551 | Depths:3 | Gained mutation: You have very sharp teeth. [potion of mutation]
 59552 | Depths:3 | Lost mutation: You have very sharp teeth. [potion of mutation]
 59552 | Depths:3 | Lost mutation: Your spells are a little easier to cast, but a little less powerful. [potion of mutation]
 59552 | Depths:3 | Lost mutation: Your body sometimes deteriorates upon taking damage. [potion of mutation]
 59552 | Depths:3 | Gained mutation: Armour fits poorly on your strangely shaped body. [potion of mutation]
 59552 | Depths:3 | Gained mutation: You passively map a small area around you. [potion of mutation]
 59552 | Depths:3 | Gained mutation: You have a pair of small horns on your head. [potion of mutation]
 59552 | Depths:3 | Gained mutation: Your spells are a little harder to cast, but a little more powerful. [potion of mutation]
 59553 | Depths:3 | Lost mutation: You have a pair of small horns on your head. [potion of mutation]
 59553 | Depths:3 | Lost mutation: Your spells are a little harder to cast, but a little more powerful. [potion of mutation]
 59553 | Depths:3 | Lost mutation: Armour fits poorly on your strangely shaped body. [potion of mutation]
 59553 | Depths:3 | Gained mutation: You are somewhat resistant to further mutation. [potion of mutation]
 59553 | Depths:3 | Gained mutation: Your muscles are strong. (Str +2) [potion of mutation]
 60221 | Depths:4 | Found a one-way gate to the infinite horrors of the Abyss.
 60400 | Depths:4 | Noticed a juggernaut
 60422 | Depths:4 | HP: 8/194 [shadow dragon/bolt of negative energy (41)]
 60774 | Depths:3 | Upgraded the game from 0.21-a0-372-gd0ff781 to 0.21-a0-380-gd65dc97
 61477 | D:15     | Bought the macabre finger necklace {rN+} for 600 gold pieces
 61477 | D:15     | Found the macabre finger necklace {rN+}
 61630 | Depths:4 | Killed a juggernaut
 61723 | Depths:4 | Received a gift from Trog
 61814 | Depths:4 | Got a faintly glowing war axe {venom}
 61815 | Depths:4 | Identified the +6 war axe "Miarphuju" {venom, *Drain rElec rPois Dex+7} (You took it off a spriggan berserker on level 4 of the Depths)
 61822 | Depths:4 | Got a transparent scimitar {slice}
 61823 | Depths:4 | Identified the cursed +2 scimitar "Xofunk" {slice, +Blink rC++} (You took it off a deep elf demonologist on level 4 of the Depths)
 62180 | Depths:4 | Received a gift from Trog
 62180 | Depths:4 | Gained mutation: You are completely attuned to the shadows. [demonic ancestry]
 62180 | Depths:4 | Reached XP level 24. HP: 158/202 MP: 14/23
 62270 | Depths:4 | Got a clouded pewter amulet
 62271 | Depths:4 | Identified the amulet "Joetoc" {Inacc *Slow Dex+6} (You found it on level 4 of the Depths)
 62348 | Depths:5 | Entered Level 5 of the Depths
 62415 | Depths:5 | Noticed a juggernaut
 62425 | Depths:5 | Killed a juggernaut
 62446 | Depths:5 | Reached skill level 10 in Dodging
 62580 | Depths:5 | Found a gate to the Realm of Zot.
 62670 | Depths:5 | Found a magical portal.
 62705 | WizLab   | Entered Iskenderun's Mystic Tower
 62857 | WizLab   | Reached skill level 15 in Armour
 62875 | WizLab   | Received a gift from Trog
 62977 | WizLab   | Reached skill level 20 in Fighting
 63079 | WizLab   | Received a gift from Trog
 63080 | WizLab   | Identified Iskenderun's Handbook of Attacks
 63080 | WizLab   | Identified Iskenderun's Catalogue of Confrontation
 63111 | WizLab   | Received a gift from Trog
 63120 | WizLab   | Got a heavily runed scarf
 63124 | WizLab   | Identified the scarf "Toadoot" {rCorr Int+6} (You found it in a wizard's laboratory)
 63126 | WizLab   | Got a pitted dagger {god gift}
 63127 | WizLab   | Identified the +6 dagger of the Scorpion {pierce, rF- Str-4 Dex+8} (Trog gifted it to you in a wizard's laboratory)
 64531 | Vaults:5 | Entered Level 5 of the Vaults
 64563 | Vaults:5 | Received a gift from Trog
 64606 | Vaults:5 | Received a gift from Trog
 64608 | Vaults:5 | Gained mutation: You can hurl damnation. [demonic ancestry]
 64608 | Vaults:5 | Reached XP level 25. HP: 165/212 MP: 14/23
 64640 | Vaults:5 | Noticed an ancient lich
 64665 | Vaults:5 | Killed an ancient lich
 64701 | Vaults:5 | Received a gift from Trog
 64728 | Vaults:5 | Received a gift from Trog
 64794 | Vaults:5 | Received a gift from Trog
 64865 | Vaults:5 | Noticed an ancient lich
 64876 | Vaults:5 | Killed an ancient lich
 64996 | Vaults:5 | Reached skill level 5 in Stealth
 65261 | Vaults:5 | Got a glittering tin amulet
 65262 | Vaults:5 | Identified the amulet "Razoezul" {RegenMP rC++ MR++ Str-5} (You found it on level 5 of the Vaults)
 65265 | Vaults:5 | Identified the +2 pair of gloves of Hospitality {*Corrode +Fly MP+9 Slay+5} (You found it on level 5 of the Vaults)
 65267 | Vaults:5 | Got a scintillating brass ring
 65268 | Vaults:5 | Identified the ring of Charity {+Fly rPois rF+++ Str-2} (You found it on level 5 of the Vaults)
 65283 | Vaults:5 | Reached skill level 21 in Fighting
 65364 | Vaults:5 | Received a gift from Trog
 65586 | Vaults:5 | Received a gift from Trog
 65627 | Vaults:5 | Got an uncursed smoking hand axe {venom}
 65628 | Vaults:5 | Identified the +6 hand axe "Jeh Lot" {venom, +Blink +Inv MR- Str-2} (You took it off a deep elf high priest on level 5 of the Vaults)
 65795 | Vaults:5 | Got a silver rune of Zot
 66278 | Vaults:5 | Got a bronze plate armour
 66279 | Vaults:5 | Identified the cursed +1 plate armour of Inquiry {Dex+5} (You found it on level 5 of the Vaults)
 66387 | Crypt:1  | Entered Level 1 of the Crypt
 66659 | Crypt:1  | Reached XP level 26. HP: 219/222 MP: 14/23
 67650 | Crypt:1  | Received a gift from Trog
 67969 | Crypt:2  | Received a gift from Trog
 68005 | Crypt:2  | Got a warped demon blade {god gift}
 68006 | Crypt:2  | Identified the +12 demon blade "Embalmer" {freeze, rElec rC+ MR+ Str+2} (Trog gifted it to you on level 2 of the Crypt)
 69405 | Crypt:3  | Entered Level 3 of the Crypt
 69503 | Crypt:3  | Received a gift from Trog
 69988 | Crypt:3  | Noticed an ancient lich
 70005 | Crypt:3  | Killed an ancient lich
 70335 | Crypt:3  | Found a staircase to the Tomb.
 70434 | Crypt:3  | Received a gift from Trog
 70527 | Crypt:3  | Found a basalt altar of Yredelemnul.
 71152 | Slime:1  | Entered Level 1 of the Pits of Slime
 72982 | Zot:1    | Entered Level 1 of the Realm of Zot
 72999 | Zot:1    | Found a transporter.
 73022 | Zot:1    | Found a transporter.
 73068 | Zot:1    | Identified the cursed scarf of Cib Wyeg {rC+} (You found it on level 1 of the Realm of Zot)
 73072 | Zot:1    | Got a scorched steel amulet
 73073 | Zot:1    | Identified the amulet "Powuis" {Faith rC+} (You found it on level 1 of the Realm of Zot)
 73079 | Zot:1    | Identified the +2 morningstar of Zin's Outrage {freeze, rF- Str+5} (You found it on level 1 of the Realm of Zot)
 73550 | Zot:1    | Received a gift from Trog
 74202 | Zot:1    | Reached XP level 27. HP: 207/231 MP: 14/23
 74213 | Zot:1    | Reached skill level 22 in Fighting
 75378 | Zot:2    | Noticed an ancient lich
 75392 | Zot:2    | Killed an ancient lich
 75395 | Zot:2    | Received a gift from Trog
 75402 | Zot:2    | Received a gift from Trog
 76007 | Zot:3    | Received a gift from Trog
 76426 | Zot:3    | Received a gift from Trog
 78072 | Zot:5    | Entered Level 5 of the Realm of Zot
 78384 | Zot:5    | Received a gift from Trog
 78418 | Zot:5    | Noticed an orb of fire
 78435 | Zot:5    | Killed an orb of fire
 78608 | Zot:5    | Noticed an ancient lich
 78625 | Zot:5    | Killed an ancient lich
 78625 | Zot:5    | Received a gift from Trog
 78636 | Zot:5    | Noticed an ancient lich
 78646 | Zot:5    | Killed an ancient lich
 78651 | Zot:5    | Noticed an ancient lich
 78657 | Zot:5    | Killed an ancient lich
 78820 | Zot:5    | Noticed an orb of fire
 78839 | Zot:5    | Killed an orb of fire
 78839 | Zot:5    | Reached skill level 23 in Fighting
 79162 | Zot:5    | Noticed an ancient lich
 79176 | Zot:5    | Killed an ancient lich
 79272 | Zot:5    | Noticed an ancient lich
 79297 | Zot:5    | Killed an ancient lich
 79302 | Zot:5    | Received a gift from Trog
 79365 | Zot:5    | Noticed an orb of fire
 79423 | Zot:5    | Noticed an ancient lich
 79443 | Zot:5    | Noticed an ancient lich
 79448 | Zot:5    | Killed an ancient lich
 79458 | Zot:5    | Killed an ancient lich
 79731 | Zot:5    | Noticed an orb of fire
 79756 | Zot:5    | Killed an orb of fire
 79824 | Zot:5    | Noticed ShadedKnight's ghost (legendary GrFi)
 79873 | Zot:5    | Killed ShadedKnight's ghost
 80086 | Zot:5    | Killed an orb of fire
 80209 | Zot:5    | Noticed an ancient lich
 80223 | Zot:5    | Killed an ancient lich
 80730 | Zot:5    | Noticed an orb of fire
 80750 | Zot:5    | Gained mutation: You are occasionally teleported next to monsters. [an orb of fire]
 80763 | Zot:5    | Killed an orb of fire
 80944 | Zot:5    | Got the Orb of Zot
 81281 | D:10     | Paralysed by fainting for 10 turns
 81289 | D:10     | HP: 9/237 [Hell Sentinel (23)]
 81290 | D:10     | Killed from afar by a Hell Sentinel

Vault maps used:
D:1:      dpeg_arrival_leaves_temple_mockup, minmay_misc_feat_roman,
          st_stairs_12, serial_park_tiny_2
D:2:      lemuel_round_altar, lemuel_crystal_altar, old_standard_altar,
          hangedman_decor_push, minmay_misc_feat_ornament,
          kennysheep_generic_room_14
D:3:      overflow_temple_1_default, gammafunk_temple_overflow_arena,
          minmay_misc_feat_secret_circle
D:4:      old_standard_altar, enter_ossuary_3, first_bread
D:5:      grunt_temple_overflow_growth_and_decay, basic_altar,
          uniq_blork_the_orc
D:6:      kennysheep_mini, uniq_menkaure, uniq_pikel
D:7:      nicolae_dithmenos_the_darkroom, minmay_temple_entry_glassed_door,
          serial_shops, shop, nicolae_shop_window_shopping, the_bakery,
          cheibriados_altar_1
D:8:      marbit_many_paths, lair_entry_dummy
D:9:      serial_corexii_hall, corexii_hall_statues_u, corexii_hall_statues_x
D:10:     orc_0_dummy, uniq_psyche, uniq_joseph
D:11:     nemelex_xobeh_ov_fountains_minmay
D:12:     serial_bayou_lagoon_a
D:13:     grunt_vaults_entry_fortified, special_room,
          hangedman_decor_peaks_small
D:14:     enter_trove_0, minmay_misc_feat_doors, nicolae_lava_and_water,
          uniq_roxanne
D:15:     grunt_enter_depths_giant_problem, serial_shops, shop,
          serial_bayou_pond_d
Lair:1:   minmay_stone_trees_large, uniq_gastronok
Lair:2:   nicolae_quartered_pool_little, serial_bayou_shore_b, uniq_sonja,
          uniq_harold
Lair:3:   grunt_megastairs_4, uniq_nergalle, uniq_fannar, uniq_rupert
Lair:4:   minmay_shoals_entry_lonely_mermaid, nicolae_spider_entry_non_spiders
Lair:5:   minmay_slime_entry_oklob_enclosed
Lair:6:   grunt_lair_end_beastmaster, grunt_forest_small_clearings, uniq_nessos
Shoals:2: portal_ice_cave_entry_pillars_1, nicolae_shoals_so_close, uniq_aizul
Shoals:3: cheibrodos_shoals_baths, uniq_polyphemus
Shoals:4: shoals_end_simple, shoals_ilsuiw_alternative, uniq_mara, uniq_nikola
Spider:1: guppyfry_spider_mini_1
Spider:3: uniq_kirke
Spider:4: grunt_spider_rune_circles
Slime:1:  cheibrodos_slime_lost_civilization_7
Orc:2:    grunt_orc_community_town_hall, grunt_orc_community_big_house_1,
          grunt_orc_community_big_house_1, grunt_orc_community_house_1,
          grunt_orc_community_house_3, grunt_orc_community_house_2,
          grunt_orc_community_house_2, serial_shops, shop,
          nicolae_alphabet_shops, uniq_saint_roka, uniq_azrael
Elf:1:    hangedman_corner_corridor, corexii_checkpoint_b, grunt_megastairs_3,
          uniq_louise
Elf:2:    grunt_ministairs_7
Elf:3:    grunt_elf_hall_branching, small_chamber_with_monster,
          nicolae_elf_big_sculpture_3, library_closet
Vaults:1: vaults_room_grunt_arrival_ludios, kb_rosetta, dpeg_vaults_monster_row,
          vaults_room_door_ring, hangedman_vaults_cutoff, v_misc_17,
          ontoclasm_vaults_shuriken, vaults_room_pool,
          grunt_vaults_hallway_long, serial_shops, shop_coins, shop
Vaults:2: special_room_vaults, v_pattern_1, nicolae_vaults_stairing_the_circle,
          vaults_room_grid, v_misc_22, nicolae_vaults_big_angled_halls,
          v_misc_11, hangedman_vaults_trim, vaults_room_grid
Vaults:3: nicolae_vaults_puzzle_piece, vaults_room_fours, vaults_mumra_lcd,
          minmay_crypt_entry_skeletal_spiral, vaults_room_door_hall,
          nicolae_vaults_sealed_display, st_hourglassy, v_alt_pattern_5,
          nicolae_vaults_shelves_hall, vaults_room_door_hall,
          ontoclasm_vaults_hangar, vaults_room_hallway
Vaults:4: v_misc_15, vaults_dpeg_hooks, nicolae_vaults_windows_and_doors_thing,
          v_misc_16, nicolae_vaults_display_case, vaults_room_corners,
          v_rooms_3, ontoclasm_vaults_eye, v_pattern_3, vaults_dpeg_cross,
          uniq_jorgrun
Vaults:5: serial_shops
Crypt:2:  st_stairs_3
Crypt:3:  cryptofortress_bobbens
Depths:1: kennysheep_nondescript, grunt_mini_vestibule, tso_metal_star,
          uniq_bai_suzhen
Depths:2: regret_index_uskayaw_diablada_macabre, enter_ziggurat_a, hell_entry,
          serial_bayou_pond_d
Depths:3: minmay_the_grid_square_5x5_4x4, rand_demon_pan_entry_5,
          minmay_misc_feat_diagonals, hell_entry
Depths:4: grunt_twisty_corner, roderic_lattice_octagonal_star,
          minmay_room_of_horrors, grunt_hell_entry_dis_mu,
          infiniplex_staircase_pool_2
Depths:5: grunt_zot_entry_gee_three, minmay_misc_feat_room, hell_entry,
          mu_enter_wizlab_2, lemuel_flamethrower_2, serial_bayou_shore_b
Zot:1:    gammafunk_sealed_arena
Zot:2:    lemuel_lich_library
Abyss:3:  hangedman_abyss_mock_shop
Trove:    trove_weapons_four_rooms
Ossuary:  ossuary_crypta
IceCv:    ice_cave_caverns_01
WizLab:   wizlab_iskenderun

Skill      XL: |  1  2  3  4  5  6  7  8  9 10 11 12 13 14 15 16 17 18 19 20 21 22 23 24 25 26 27 |
---------------+----------------------------------------------------------------------------------+-----
Armour         | 3 4 5 6 7 8 9 10 11 12 13 14 15 16 17 | 17.0
Axes           | 2 3 4 6 7 8 9 10 12 13 15 16 17 18 19 20 21 | 21.8
Shields        | 3 4 5 6 7 8 9 10 11 12 14 15 16 17 18 19 20 22 | 22.6
Fighting       | 4 5 6 7 9 10 11 12 13 14 15 16 17 18 19 20 21 23 | 23.9
Dodging        | 1 2 3 4 5 7 9 11 12 13 | 13.5
Stealth        | 1 2 3 4 5 7 9 |  9.0
Long Blades    | 3 5 7 8 10 12 14 | 14.3
Crossbows      | 2 5 6 7 8 9 10 11 12 13 | 13.1
Throwing       | 1 |  1.2
Evocations     | |  0.7

Action                   |  1- 3 |  4- 6 |  7- 9 | 10-12 | 13-15 | 16-18 | 19-21 | 22-24 | 25-27 || total
-------------------------+-------+-------+-------+-------+-------+-------+-------+-------+-------++-------
Melee: War axe           |   134 |   200 |   276 |   450 |   910 |  2165 |  1595 |       |    29 ||  5759
       Long sword        |       |     2 |    10 |       |       |       |       |       |       ||    12
       Kick              |       |    15 |   103 |    46 |       |       |   823 |   707 |  1173 ||  2867
       Scimitar          |       |       |    37 |       |       |       |       |       |       ||    37
       Broad axe         |       |       |       |       |   559 |       |   209 |  1548 |  1556 ||  3872
       Demon blade       |       |       |       |       |    13 |    79 |       |       |   744 ||   836
       Hand crossbow     |       |       |       |       |     1 |       |       |       |       ||     1
 Fire: Hand crossbow     |       |       |    13 |   146 |   167 |   259 |    55 |    65 |    83 ||   788
Throw: Javelin           |       |     7 |     2 |       |     6 |       |       |       |     2 ||    17
Invok: Burn Spellbooks   |       |     1 |     2 |     1 |     5 |     5 |     6 |     7 |     4 ||    31
       Berserk           |       |       |     5 |    14 |    21 |    18 |    25 |    13 |    12 ||   108
       Trog's Hand       |       |       |     1 |     6 |     5 |     7 |     4 |     4 |     5 ||    32
       Brothers in Arms  |       |       |       |       |       |     4 |     2 |     1 |     9 ||    16
 Abil: Evoke Flight      |       |       |       |       |       |       |       |     1 |       ||     1
       Hurl Damnation    |       |       |       |       |       |       |       |       |     1 ||     1
Evoke: Wand              |       |       |       |     1 |     3 |       |       |       |     1 ||     5
  Use: Scroll            |     8 |    13 |     5 |    14 |    19 |    15 |    18 |    13 |    24 ||   129
       Potion            |       |       |     1 |     2 |     8 |    13 |     4 |     9 |     1 ||    38
 Stab: Sleeping          |       |       |     2 |     3 |       |     1 |       |       |    30 ||    36
       Distracted        |       |       |     1 |       |       |     1 |     2 |     3 |    13 ||    20
       Invisible         |       |       |       |       |     2 |       |       |     3 |       ||     5
       Held in net/web   |       |       |       |       |       |     1 |       |       |       ||     1
  Eat: Bread ration      |     1 |       |     2 |     2 |     4 |     3 |     2 |     1 |     5 ||    20
       Chunk             |       |     1 |     4 |     6 |    24 |    65 |    33 |    20 |     1 ||   154
       Fruit             |       |     3 |       |     1 |     5 |       |     3 |     1 |     5 ||    18
       Meat ration       |       |     1 |     1 |     4 |     2 |     2 |     4 |       |     8 ||    22
       Royal jelly       |       |       |       |     1 |     3 |       |     1 |     6 |     2 ||    13
Armor: Scale mail        |    80 |    22 |       |       |       |       |       |       |       ||   102
       Plate armour      |       |    53 |       |       |   658 |  1111 |       |       |       ||  1822
       Ring mail         |       |    19 |   110 |   162 |     8 |       |       |       |       ||   299
       Acid dragon scale |       |       |       |       |    10 |       |       |       |       ||    10
       Crystal plate arm |       |       |       |       |       |    84 |   918 |   815 |   262 ||  2079
       Shadow dragon sca |       |       |       |       |       |       |       |    65 |   607 ||   672
Dodge: Dodged            |    41 |    45 |   126 |   197 |   325 |   652 |   321 |   356 |   781 ||  2844
Block: Shield            |    69 |   104 |   205 |   271 |   899 |  1851 |  1224 |  1138 |  1768 ||  7529
       Reflection        |       |       |       |       |    11 |    45 |       |       |       ||    56
       Rpst.: Long sword |       |       |     2 |       |       |       |       |       |       ||     2
       Scimitar          |       |       |     3 |       |       |       |       |       |       ||     3
       Demon blade       |       |       |       |       |     2 |     8 |       |       |    53 ||    63

Table legend:
 A = Spawn XP
 B = Non-spawn XP
 C = Spawn XP percentage of total XP
 D = Spawn monster count
 E = Non-spawn monster count
 F = Spawn count percentage of total count
 G = Total turns spent on level
                    A         B        C        D         E        F      G
               +---------+---------+-------+---------+---------+-------+---------
         Total |   13112 | 1903651 |   0.7 |      25 |    2584 |   1.0 | 81290
               +---------+---------+-------+---------+---------+-------+---------
           D:1 |       0 |      37 |   0.0 |       0 |      21 |   0.0 |  1210
           D:2 |       0 |      76 |   0.0 |       0 |      25 |   0.0 |  1198
           D:3 |       0 |     120 |   0.0 |       0 |      22 |   0.0 |   896
           D:4 |       0 |     271 |   0.0 |       0 |      14 |   0.0 |   511
           D:5 |       0 |     467 |   0.0 |       0 |      16 |   0.0 |   637
           D:6 |       0 |    1280 |   0.0 |       0 |      19 |   0.0 |   956
           D:7 |       0 |    1937 |   0.0 |       0 |      30 |   0.0 |  1642
           D:8 |       0 |    2000 |   0.0 |       0 |      18 |   0.0 |  1072
           D:9 |       0 |    3179 |   0.0 |       0 |      25 |   0.0 |   959
          D:10 |       0 |    2380 |   0.0 |       0 |      21 |   0.0 |  1054
          D:11 |       0 |    3056 |   0.0 |       0 |      37 |   0.0 |  1351
          D:12 |       0 |    3222 |   0.0 |       0 |      26 |   0.0 |   969
          D:13 |       0 |   11732 |   0.0 |       0 |      58 |   0.0 |  1726
          D:14 |       0 |   18052 |   0.0 |       0 |      50 |   0.0 |  1153
          D:15 |       0 |   19131 |   0.0 |       0 |      48 |   0.0 |   956
        Lair:1 |       0 |    5145 |   0.0 |       0 |       9 |   0.0 |  1491
        Lair:2 |       0 |    4756 |   0.0 |       0 |      18 |   0.0 |  1828
        Lair:3 |       0 |    6859 |   0.0 |       0 |      13 |   0.0 |  1292
        Lair:4 |       0 |    9432 |   0.0 |       0 |      34 |   0.0 |  1848
        Lair:5 |       0 |    7250 |   0.0 |       0 |      20 |   0.0 |  3060
        Lair:6 |       0 |   33272 |   0.0 |       0 |      76 |   0.0 |  2628
      Shoals:1 |       0 |   11753 |   0.0 |       0 |      23 |   0.0 |  1592
      Shoals:2 |       0 |   24448 |   0.0 |       0 |      48 |   0.0 |  1640
      Shoals:3 |       0 |   14459 |   0.0 |       0 |      22 |   0.0 |  1123
      Shoals:4 |       0 |   49902 |   0.0 |       0 |      73 |   0.0 |  1693
      Spider:1 |       0 |   13267 |   0.0 |       0 |      39 |   0.0 |  1051
      Spider:2 |       0 |   12256 |   0.0 |       0 |      36 |   0.0 |  1172
      Spider:3 |       0 |   19239 |   0.0 |       0 |      53 |   0.0 |  1461
      Spider:4 |       0 |   32817 |   0.0 |       0 |      69 |   0.0 |  1624
       Slime:1 |       0 |   25367 |   0.0 |       0 |      45 |   0.0 |  1486
         Orc:1 |       0 |    5201 |   0.0 |       0 |      43 |   0.0 |   524
         Orc:2 |       0 |   14621 |   0.0 |       0 |      85 |   0.0 |  1425
         Elf:1 |       0 |   18960 |   0.0 |       0 |      29 |   0.0 |  1829
         Elf:2 |       0 |   11328 |   0.0 |       0 |      16 |   0.0 |   893
         Elf:3 |       0 |   54442 |   0.0 |       0 |      58 |   0.0 |  2070
      Vaults:1 |       0 |   51451 |   0.0 |       0 |      70 |   0.0 |  2522
      Vaults:2 |       0 |   15583 |   0.0 |       0 |      38 |   0.0 |  1553
      Vaults:3 |       0 |   78500 |   0.0 |       0 |     106 |   0.0 |  2697
      Vaults:4 |       0 |   66854 |   0.0 |       0 |      79 |   0.0 |  1381
      Vaults:5 |       0 |  184367 |   0.0 |       0 |     145 |   0.0 |  1813
       Crypt:1 |       0 |   45320 |   0.0 |       0 |      65 |   0.0 |  1068
       Crypt:2 |       0 |   25682 |   0.0 |       0 |      33 |   0.0 |   751
       Crypt:3 |       0 |   59434 |   0.0 |       0 |      79 |   0.0 |  1339
      Depths:1 |       0 |   48008 |   0.0 |       0 |      61 |   0.0 |  1341
      Depths:2 |       0 |   72932 |   0.0 |       0 |      66 |   0.0 |  1532
      Depths:3 |       0 |   83202 |   0.0 |       0 |      79 |   0.0 |  2506
      Depths:4 |       0 |  111658 |   0.0 |       0 |      95 |   0.0 |  1731
      Depths:5 |       0 |   78778 |   0.0 |       0 |      66 |   0.0 |  1422
         Zot:1 |       0 |   62776 |   0.0 |       0 |      38 |   0.0 |  1688
         Zot:2 |       0 |   64972 |   0.0 |       0 |      44 |   0.0 |  1184
         Zot:3 |       0 |   64566 |   0.0 |       0 |      42 |   0.0 |  1263
         Zot:4 |       0 |   40618 |   0.0 |       0 |      23 |   0.0 |   902
         Zot:5 |       0 |  240454 |   0.0 |       0 |      72 |   0.0 |  2877
       Abyss:3 |   13112 |   24257 |  35.1 |      25 |      41 |  37.9 |  1156
       Ossuary |       0 |     173 |   0.0 |       0 |      12 |   0.0 |   353
         IceCv |       0 |   12675 |   0.0 |       0 |      59 |   0.0 |  1369
        WizLab |       0 |   29677 |   0.0 |       0 |      32 |   0.0 |   664
               +---------+---------+-------+---------+---------+-------+---------
